 Dungeon Crawl Stone Soup version 0.27.1-4-g1640c2035a (webtiles) character file.

Game seed: 13084974774864808334

1714 Fulminus the Geomancer (level 9, -1/45 HPs)
             Began as a Gargoyle Earth Elementalist on Nov 14, 2021.
             Slain by a wight (5 damage)
             ... on level 8 of the Dungeon.
             The game lasted 00:16:15 (6811 turns).

Fulminus the Geomancer (GrEE)                       Turns: 6811, Time: 00:16:15

Health: -1/45      AC: 13    Str: 12    XL:     9   Next: 4%
Magic:  4/18       EV: 11    Int: 19    God:
Gold:   293        SH:  0    Dex: 10    Spells: 17/21 levels left

rFire    . . .     SeeInvis .   w - +1 short sword (venom)
rCold    . . .     Faith    .   (no shield)
rNeg     + . .     Spirit   .   b - +0 robe
rPois    ∞         Reflect  .   r - +1 helmet
rElec    +         Harm     .   (no cloak)
rCorr    .         Rampage  .   (no gloves)
Will     .....                  u - +2 pair of boots {Fly}
Stlth    ++........             (no amulet)
HPRegen  0.15/turn              (no ring)
MPRegen  0.16/turn              (no ring)

@: about to teleport, flying
A: sickness immunity, AC +6, negative energy resistance 1, electricity
resistance, torment resistance 1, petrification resistance
a: no special abilities


You were on level 8 of the Dungeon.
You visited 1 branch of the dungeon, and saw 7 of its levels.
You also visited: Ossuary.

You collected 293 gold pieces.

Inventory:

Hand Weapons
 o - a +0 whip
 w - a +1 short sword of venom (weapon)
Missiles
 x - 22 stones
Armour
 b - a +0 robe (worn)
 r - a +1 helmet (worn)
 u - a +2 pair of boots of flying (worn)
Wands
 d - a wand of polymorph (13)
 f - a wand of iceblast (7)
 k - a wand of flame (24)
 l - a wand of paralysis (16)
Scrolls
 a - 3 scrolls of identify
 i - 4 scrolls of amnesia
 p - a scroll of teleportation
 t - 3 scrolls of silence
Potions
 c - 2 potions of cancellation
 e - a potion of magic {unknown}
 g - a potion of invisibility {unknown}
 h - a potion of mutation {unknown}
 j - a potion of berserk rage {unknown}
 m - a potion of heal wounds {unknown}
 q - 3 potions of flight
 s - a potion of haste {unknown}
 v - a potion of lignification {unknown}


   Skills:
 - Level 1.5 Dodging
 - Level 2.1 Stealth
 + Level 6.5 Spellcasting
 + Level 6.2 Conjurations
 - Level 0.7 Transmutations
 + Level 8.8 Earth Magic


You had 17 spell levels left.
You knew the following spells:

 Your Spells              Type           Power      Damage    Failure   Level
a - Sandblast             Erth           78%        2d17      1%          1
b - Stone Arrow           Conj/Erth      68%        3d11      1%          3

Your spell library contained the following spells:

 Spells                   Type           Power      Damage    Failure   Level
 Passwall                 Tmut/Erth      20%        N/A       2%          2
 Summon Small Mammal      Summ           24%        N/A       11%         1
 Petrify                  Tmut/Erth      24%        N/A       14%         4
 Call Canine Familiar     Summ           6%         N/A       32%         3
 Summon Guardian Golem    Hex/Summ       6%         N/A       32%         3


Dungeon Overview and Level Annotations

Branches:
Dungeon (8/15)             Temple (0/1) D:6         Ossuary (visited)
   Lair: D:8-11

Altars:
Cheibriados
Elyvilon
Nemelex Xobeh
Uskayaw
Xom


Innate Abilities, Weirdness & Mutations

You are immune to sickness and miasma.
Your stone body is resilient. (AC +6)
You are immune to poison.
You resist negative energy. (rN+)
You are resistant to electric shocks. (rElec)
You are resistant to unholy torment.
You are immune to petrification.


Message History

You barely miss the wight.
The wight is moderately damaged.
The wight closely misses you.
You hit the wight but do no damage.
The wight is lightly damaged.
The wight hits you but does no damage.
You barely miss the wight.
The wight is lightly damaged.
The wight closely misses you.
You hit the wight.
The wight is moderately damaged.
The wight closely misses you.
You hit the wight but do no damage.
The wight is moderately damaged.
The wight closely misses you.
You hit the wight.
The wight is severely damaged.
The wight closely misses you. The wight barely misses you.
You hit the wight.
The wight is almost destroyed.
The wight hits you with a +0 battleaxe!
You hit the wight but do no damage.
The wight is almost destroyed.
The wight hits you with a +0 battleaxe!
* * * LOW HITPOINT WARNING * * *
You barely miss the wight.
The wight is almost destroyed.
The wight hits you with a +0 battleaxe.
* * * LOW HITPOINT WARNING * * *
You hit the wight but do no damage.
The wight is almost destroyed.
The wight closely misses you.
You hit the wight.
You destroy the wight!
The wight hits you with a +0 great sword.
* * * LOW HITPOINT WARNING * * *
As you read the scroll of teleportation, it crumbles to dust.
You feel strangely unstable.
The wight hits you with a +0 great sword.
You die...

#...##,*,,,,,,*
#....#,*,,,,***
#....#,****,*
####.#,****,****
#.#,,,,,,,,,*
#.#**,,,,,,,* ####.#
*,,,,,,,*** #....#
*,,,,,,,,,, #@####
*,,,,,,,*** #z#
*,,,,,,,* * #K#
*,,,,,,,* * #)#
*********
***#.#************
*,,...,,,,*,,,,,,*
*,*#.#*,*,,,,,**,*
*,*#..,,,,*,*,**,****
*,*****,***,*,,,,,,<,


You could see a wight and a kobold.

Vanquished Creatures
  Grinder (D:5)
  2 wraiths (Ossuary)
  A sky beast (D:5)
  An ogre (D:5)
  A kobold brigand (D:8)
  A scorpion (D:6)
  5 wights
  A bullfrog zombie (D:6)
  A hound (D:3)
  3 orc priests
  A bullfrog skeleton (D:6)
  2 centaur skeletons (D:5)
  Jessica (D:2)
  An iguana (D:6)
  8 orc wizards
  A hound zombie (D:5)
  A howler monkey zombie (D:6)
  4 gnolls (D:5)
  6 adders
  4 ufetubi
  3 adder zombies (Ossuary)
  2 worms (D:3)
  A dart slug (D:2)
  15 orcs
  2 ball pythons
  5 endoplasms
  3 giant cockroaches
  5 goblins
  6 hobgoblins
  3 jackals (D:3)
  4 quokkas
  A ball python skeleton (Ossuary)
  4 bats
  3 frilled lizards (D:3)
  A hobgoblin skeleton (Ossuary)
  2 hobgoblin zombies (Ossuary)
  9 kobolds
  A kobold zombie (Ossuary)
  An orc skeleton (Ossuary)
  An orc zombie (Ossuary)
  A quokka skeleton (D:4)
  2 rats (D:1)
121 creatures vanquished.

Notes
Turn   | Place    | Note
-------+----------+-------------------------------------------
     0 | D:1      | Fulminus the Gargoyle Earth Elementalist began the quest
                  | for the Orb.
     0 | D:1      | Reached XP level 1. HP: 10/10 MP: 3/3
   303 | D:1      | Reached XP level 2. HP: 15/15 MP: 1/5
   549 | D:1      | Reached skill level 4 in Earth Magic
  1817 | D:2      | Noticed Jessica
  1821 | D:2      | Killed Jessica
  1822 | D:2      | Reached XP level 3. HP: 19/19 MP: 3/7
  1879 | D:2      | Found a shimmering altar of Xom.
  1973 | D:2      | Reached XP level 4. HP: 24/24 MP: 5/8
  2430 | D:3      | Found a hide-covered altar of Uskayaw.
  2432 | D:3      | Noticed a +0 dagger
  2432 | D:3      | Noticed a +0 hand axe
  2544 | D:3      | Found a faded altar of an unknown god.
  2544 | D:3      | Found a snail-covered altar of Cheibriados.
  2580 | D:3      | Reached skill level 5 in Earth Magic
  2714 | D:3      | Reached XP level 5. HP: 28/28 MP: 8/10
  2759 | D:3      | Learned a level 3 spell: Stone Arrow
  3216 | D:4      | Reached skill level 1 in Conjurations
  3706 | D:5      | Entered Level 5 of the Dungeon
  3706 | D:5      | Noticed Grinder
  3740 | D:5      | Noticed a sky beast
  3760 | D:5      | Killed a sky beast
  3761 | D:5      | Reached XP level 6. HP: 19/32 MP: 1/12
  3937 | D:5      | Reached skill level 6 in Earth Magic
  4412 | D:5      | Found a white marble altar of Elyvilon.
  4447 | D:5      | Reached XP level 7. HP: 31/36 MP: 13/13
  4804 | D:5      | Paralysed by Grinder for 5 turns
  4811 | D:5      | Killed Grinder
  4812 | D:5      | Reached skill level 5 in Spellcasting
  4812 | D:5      | Reached skill level 7 in Earth Magic
  5606 | D:6      | Reached XP level 8. HP: 41/41 MP: 5/16
  5621 | D:6      | Found a sand-covered staircase.
  5626 | Ossuary  | Entered an ossuary
  5860 | Ossuary  | Noticed a wraith
  5860 | Ossuary  | Noticed a flying skull
  5871 | Ossuary  | Noticed a flying skull
  5873 | Ossuary  | Noticed a flying skull
  5873 | Ossuary  | Noticed a flying skull
  5959 | Ossuary  | Noticed a wraith
  5962 | Ossuary  | Killed a wraith
  5963 | Ossuary  | Reached skill level 5 in Conjurations
  6088 | Ossuary  | Noticed a wraith
  6090 | Ossuary  | Killed a wraith
  6091 | Ossuary  | Reached skill level 8 in Earth Magic
  6328 | D:6      | Found a sparkling altar of Nemelex Xobeh.
  6764 | D:6      | You are sucked into a shaft and drop 2 floors!
  6794 | D:8      | Reached XP level 9. HP: 33/45 MP: 1/18
  6811 | D:8      | Slain by a wight

Illustrated notes

Levels and vault maps discovered:
D:1:      onia_arrival_mini_spirals, layout_loops_corners, minmay_tiny_reverse_x
D:2:      layout_basic, basic_altar, serial_co_window_serial, co_window_paths_a,
          co_window_paths_b, co_window_of_opportunity_a, co_window_paths_b,
          co_window_paths_a, co_window_corner_a, co_window_broadway_a,
          co_window_cross_3, co_window_2corner, co_window_broadway_b,
          co_window_corner_b, co_window_broadway_a, co_window_4corner_a,
          glass_columns_b, glass_columns_a, glass_columns_a, glass_columns_b,
          uniq_jessica
D:3:      layout_basic, dancing_weapons_uskayaw, cheibriados_altar_1,
          hellmonk_ecumenical_altar_lost_god, minivault_23
D:4:      layout_gridville
D:5:      layout_gridville, elyvilon_altar_4, uniq_grinder
D:6:      layout_loops_corners, mainiacjoe_overflow_six_doors_small,
          mainiacjoe_overflow_catch_the_wave, temple_fountains,
          lightli_ossuary_entry_decrepit_ruins
D:8:      layout_loops_cross, fedhas_altar_4, gammafunk_temple_overflow_pools

Skill      XL: |  1  2  3  4  5  6  7  8 |
---------------+-------------------------+-----
Earth Magic    | 4 5 6 7 8 |  8.8
Spellcasting   | 3 4 5 6 |  6.5
Conjurations   | 2 4 6 |  6.2
Dodging        | |  1.5
Stealth        | |  2.1
Transmutations | |  0.7

Action                   |  1- 3 |  4- 6 |  7- 9 || total
-------------------------+-------+-------+-------++-------
Melee: Unarmed           |    10 |       |       ||    10
       Flail             |     4 |     1 |       ||     5
       Dagger            |     2 |       |       ||     2
       Whip              |       |    31 |    13 ||    44
       Short sword       |       |       |   147 ||   147
 Cast: Sandblast         |    30 |    94 |       ||   124
       Stone Arrow       |       |     1 |    46 ||    47
  Use: Scroll            |       |       |    10 ||    10
 Stab: Sleeping          |     1 |       |     2 ||     3
Armor: Robe              |     5 |    45 |    86 ||   136
Dodge: Dodged            |    11 |    39 |    78 ||   128
